 Dungeon Crawl Stone Soup version 0.24-a0-784-g601f8f6d22 (webtiles) character file.

Game seed: 6789475327505869755, levelgen mode: deterministic

634 Kohma the Cleaver (level 7, -3/57 HPs)
             Began as a Minotaur Berserker on Oct 9, 2019.
             Was a Priest of Trog.
             Slain by Menkaure (20 damage)
             ... on level 4 of the Dungeon.
             The game lasted 00:07:02 (3669 turns).

Kohma the Cleaver (Minotaur Berserker)              Turns: 3669, Time: 00:07:02

Health: -3/57      AC:  9    Str: 24    XL:     7   Next: 24%
Magic:  6/6        EV: 10    Int:  4    God:    Trog [***...]
Gold:   158        SH:  0    Dex:  9    Spells: 6/6 levels left

rFire    . . .     SeeInvis .   a - +0 war axe
rCold    . . .     Gourm    .   (no shield)
rNeg     . . .     Faith    .   j - +2 scale mail {rPois}
rPois    +         Spirit   .   (helmet restricted)
rElec    .         Reflect  .   (no cloak)
rCorr    .         Harm     .   (no gloves)
MR       ++...                  k - +0 pair of boots
Stlth    ..........             (no amulet)
HPRegen  1.19/turn              (no ring)
MPRegen  0.10/turn              (no ring)

@: regenerating
A: retaliatory headbutt, horns 2
a: Berserk, Trog's Hand, Renounce Religion


You were on level 4 of the Dungeon.
You worshipped Trog.
Trog was most pleased with you.
You were not hungry.

You visited 1 branch of the dungeon, and saw 4 of its levels.

You collected 158 gold pieces.

Inventory:

Hand Weapons
 a - a +0 war axe (weapon)
 b - a +2 dagger of flaming
Missiles
 q - 16 poisoned darts (quivered)
Armour
 j - a +2 scale mail of poison resistance (worn)
 k - a +0 pair of boots (worn)
 u - a +3 ring mail
Jewellery
 n - an uncursed ring of flight {unknown}
 w - a +2 amulet of reflection {unknown}
Wands
 r - a wand of disintegration (3)
Scrolls
 e - a scroll of fear {unknown}
 f - 2 scrolls of blinking {unknown}
 g - 2 scrolls of remove curse {unknown}
 i - a scroll of teleportation {unknown}
 l - a scroll of enchant weapon {unknown}
 m - 3 scrolls of identify {unknown}
 o - a scroll of noise {unknown}
Potions
 d - a potion of degeneration {unknown}
 h - 2 potions of curing {unknown}
 p - a potion of lignification {unknown}
 s - a potion of invisibility {unknown}
 t - a potion of haste {unknown}
Comestibles
 c - 2 rations


   Skills:
 - Level 3.6 Fighting
 + Level 10.1 Axes
 - Level 2.4 Armour
 - Level 2.1 Dodging


You had 6 spell levels left.
You didn't know any spells.
Your spell library was empty.

Dungeon Overview and Level Annotations

Branches:
Dungeon (4/15)
 Temple: D:4-7

Altars:
Uskayaw

Annotations:
D:4 2 transporters, Menkaure; an12's ghost, amateur GrGl


Innate Abilities, Weirdness & Mutations

You reflexively headbutt those who attack you in melee.
You have a pair of horns on your head.


Message History

You feel somewhat more hungry.
You hit Menkaure.
Menkaure is lightly damaged.
Menkaure hits you but does no damage.
You slash Menkaure!
Menkaure is heavily damaged.
Menkaure calls on the powers of darkness!
Your body is wracked with pain!
Menkaure hits you.
You barely miss Menkaure.
Menkaure is heavily damaged.
Menkaure closely misses you.
You barely miss Menkaure. Your headbutt misses Menkaure.
Menkaure is heavily damaged.
Menkaure calls on the powers of darkness!
Your body is wracked with pain!
* * * LOW HITPOINT WARNING * * *
You barely miss Menkaure.
Menkaure is heavily damaged.
Menkaure hits you!!
You die...

≈≈≈ .. .... ..
..... .# ..... .#
....M.# ##.####
........### ##
##.....#
..........####..#
#..# #.#
..........##@..#
#..# #.#
..........#M..##
#..# #..
............###
#..###..
...........##
#......©
..........##
####..#####
.....#.###
##....##8...
######.#
##.....#S.... #.#
##..÷...#S....
#.###
#.......#Z....


You could see Menkaure.

Vanquished Creatures
  A phantom (D:4)
  2 ogres (D:4)
  A hound (D:4)
  Ijyb (D:4)
  2 bullfrog skeletons (D:4)
  A worker ant (D:4)
  A hound skeleton (D:4)
  Robin (D:2)
  9 gnolls
  4 adders
  An ooze (D:1)
  7 orcs
  4 giant cockroaches
  13 goblins
  4 hobgoblins
  8 jackals
  A quokka (D:2)
  5 bats
  4 frilled lizards
  13 kobolds
  12 rats
95 creatures vanquished.

Notes
Turn   | Place    | Note
-------+----------+-------------------------------------------
     0 | D:1      | Kohma the Minotaur Berserker began the quest for the Orb.
     0 | D:1      | Reached XP level 1. HP: 19/19 MP: 0/0
    25 | D:1      | Reached skill level 4 in Axes
    33 | D:1      | Reached XP level 2. HP: 16/26 MP: 1/1
   750 | D:1      | Reached skill level 5 in Axes
   777 | D:1      | Reached XP level 3. HP: 31/31 MP: 2/2
  1174 | D:2      | Reached ** piety under Trog
  1176 | D:2      | Reached skill level 6 in Axes
  1176 | D:2      | Reached XP level 4. HP: 39/39 MP: 3/3
  1322 | D:2      | Noticed Robin
  1348 | D:2      | Killed Robin
  1571 | D:2      | Noticed a +0 hand axe
  1572 | D:2      | Noticed a +0 hand axe
  1574 | D:2      | Found a hide-covered altar of Uskayaw.
  1865 | D:2      | Reached XP level 5. HP: 41/45 MP: 4/4
  1939 | D:3      | Reached *** piety under Trog
  1967 | D:3      | Reached skill level 7 in Axes
  3061 | D:4      | Noticed an ogre
  3072 | D:4      | Killed an ogre
  3072 | D:4      | Reached skill level 8 in Axes
  3072 | D:4      | Reached XP level 6. HP: 51/51 MP: 5/5
  3118 | D:4      | Noticed Ijyb
  3132 | D:4      | Killed Ijyb
  3157 | D:4      | Reached skill level 9 in Axes
  3275 | D:4      | Reached XP level 7. HP: 24/57 MP: 6/6
  3295 | D:4      | Reached skill level 10 in Axes
  3580 | D:4      | Noticed an12's ghost (amateur GrGl)
  3589 | D:4      | Found a transporter.
  3592 | D:4      | Found a transporter.
  3655 | D:4      | Noticed Menkaure
  3669 | D:4      | Slain by Menkaure

Levels and vault maps discovered:
D:1:      dpeg_arrival_tiny_c, layout_rooms, minmay_tree_intersection
D:2:      layout_basic, dancing_weapons_uskayaw, corner_web_ring,
          serial_bayou_ford_a, st_stairs_12, uniq_robin
D:3:      layout_basic, st_stairs_5
D:4:      minmay_chambers_of_threes, layout_cave_pods, elyvilon_altar_3,
          gammafunk_ghost_arena, uniq_menkaure, uniq_ijyb, uniq_duvessa

Skill      XL: |  1  2  3  4  5  6  7 |
---------------+----------------------+-----
Axes           | 4 5 6 8 9 10 | 10.1
Fighting       | |  3.6
Armour         | |  2.4
Dodging        | |  2.1

Action                   |  1- 3 |  4- 6 |  7- 9 || total
-------------------------+-------+-------+-------++-------
Melee: Hand axe          |    24 |       |       ||    24
       Headbutt          |     7 |    24 |     3 ||    34
       Dagger            |    38 |    55 |       ||    93
       War axe           |       |    73 |    25 ||    98
Invok: Berserk           |     1 |       |       ||     1
       Trog's Hand       |       |       |     1 ||     1
Evoke: Wand              |       |     2 |       ||     2
  Eat: Chunk             |     1 |     7 |     2 ||    10
Armor: Animal skin       |     4 |       |       ||     4
       Scale mail        |    15 |    57 |    19 ||    91
Dodge: Dodged            |    52 |    78 |    16 ||   146

Table legend:
 A = Non-vault XP
 B = Vault XP
 C = Vault XP percentage of total XP
 D = Non-vault monster count
 E = Vault monster count
 F = Vault count percentage of total count
                 A         B        C        D         E       F
            +---------+---------+-------+---------+---------+-------
      Total |     423 |     483 |  53.3 |      72 |      23 |  24.2
            +---------+---------+-------+---------+---------+-------
        D:1 |      60 |       1 |   1.6 |      30 |       1 |   3.2
        D:2 |     100 |      35 |  25.9 |      22 |      11 |  33.3
        D:3 |      99 |      15 |  13.2 |      18 |       2 |  10.0
        D:4 |     164 |     432 |  72.5 |       2 |       9 |  81.8
            +---------+---------+-------+---------+---------+-------
